 Dungeon Crawl Stone Soup version 0.29.0-11-gd7f09526c8 (webtiles) character file.

Game seed: 16973599039389488427

76967 Ge0ff the Transmogrifier (level 15, -10/97 HPs)
             Began as a Vampire Abyssal Knight on Sept 4, 2022.
             Was the Champion of Lugonu.
             Mangled by an ettin
             ... wielding a +0 dire flail
              (40 damage)
             ... on level 2 of the Orcish Mines.
             The game lasted 01:02:14 (20931 turns).

Ge0ff the Transmogrifier (Vampire Abyssal Knight)  Turns: 20931, Time: 01:02:15

Health: -10/97     AC: 16    Str: 12    XL:     15   Next: 14%
Magic:  6/28       EV: 12    Int: 17    God:    Lugonu [******]
Gold:   1629       SH:  6    Dex: 24    Spells: 23/33 levels left

rFire   + . .      SeeInvis +   a - +6 dagger (venom)
rCold   . . .      Faith    .   p - +0 buckler
rNeg    . . .      Spirit   .   w - +1 swamp dragon scales
rPois   +          Reflect  .   m - +1 helmet
rElec   .          Harm     .   G - +2 cloak {rF+}
rCorr   .          Rampage  .   (no gloves)
Will    ++...                   J - +0 pair of boots
Stlth   ++........              l - amulet of regeneration
HPRegen 1.26/turn               h - ring of willpower
MPRegen 0.21/turn               F - +6 ring of dexterity {=R}

@: very slightly contaminated, healing quickly
A: alive, fangs 3, see invisible, vampiric 2, frail 1
a: Exsanguinate, Renounce Religion, Depart the Abyss, Bend Space, Banish,
Corrupt, Enter the Abyss, Brand Weapon With Distortion


You were on level 2 of the Orcish Mines.
You worshipped Lugonu.
Lugonu was exalted by your worship.
You visited 3 branches of the dungeon, and saw 18 of its levels.
You visited the Abyss 1 time.
You also visited: Sewer and Volcano.

You collected 1662 gold pieces.
You spent 33 gold pieces at shops.

Inventory:

Hand Weapons
 a - a +6 dagger of venom (weapon)
 b - a +2 vorpal rapier
 t - the +5 scimitar of the Coward {vamp, rElec rPois rF- Stlth+}
   (You found it on level 9 of the Dungeon)

   It occasionally heals its wielder for a portion of the damage dealt when it
   wounds a living foe.
   rF:        It makes you vulnerable to fire.
   rElec:     It insulates you from electricity.
   rPois:     It protects you from poison.
   Stlth:     It makes you more stealthy.
 u - a +1 short sword of distortion
Missiles
 g - a throwing net {=F}
 v - 5 curare-tipped darts {=F}
 x - 28 poisoned darts
 O - 17 boomerangs (quivered)
 Q - 2 datura-tipped darts {=F}
Armour
 d - a +0 troll leather armour
 m - a +1 helmet (worn)
 p - a +0 buckler (worn)
 w - +1 swamp dragon scales (worn)
 D - a +0 kite shield
 G - a +2 cloak of fire resistance (worn)
 J - a +0 pair of boots (worn)
 U - a +2 leather armour of poison resistance
Jewellery
 h - a ring of willpower (left hand)
 k - a ring of ice
 l - an amulet of regeneration (around neck)
 y - a +6 ring of intelligence
 F - a +6 ring of dexterity (right hand) {=R}
 Y - a +6 ring of dexterity
Wands
 e - a wand of charming (23)
 f - a wand of flame (6)
 j - a wand of acid (5)
 r - a wand of roots (9)
 s - a wand of mindburst (18)
 P - a wand of polymorph (9)
Scrolls
 c - 3 scrolls of butterflies
 i - 3 scrolls of identify
 B - 6 scrolls of blinking
 E - 2 scrolls of fear
 S - a scroll of summoning
 T - 2 scrolls of teleportation
 V - 3 scrolls of vulnerability
Potions
 o - 6 potions of ambrosia
 q - 3 potions of curing
 z - 4 potions of brilliance
 A - 3 potions of attraction
 H - 2 potions of haste {!q}
 I - 2 potions of invisibility
 K - a potion of magic {!q}
 L - 2 potions of lignification
 M - 4 potions of might
 N - 4 potions of cancellation {!q}
 R - 2 potions of resistance
 W - 2 potions of heal wounds {!q}
 X - 3 potions of flight
 Z - 4 potions of berserk rage {!q}
Miscellaneous
 n - a phial of floods (inert)


   Skills:
 - Level 7.0 Fighting
 + Level 12.9 Short Blades
 - Level 1.0 Throwing
 - Level 5.0 Armour
 - Level 4.0 Dodging
 - Level 2.0 Stealth
 - Level 5.0 Shields
 + Level 9.6 Spellcasting
 + Level 9.8 Conjurations
 + Level 13.3 Transmutations
 - Level 5.0 Air Magic
 - Level 3.0 Poison Magic
 - Level 5.0 Invocations
 - Level 4.0 Evocations


You had 23 spell levels left.
You knew the following spells:

 Your Spells              Type           Power      Damage    Failure   Level
s - Wereblood             Tmut           52%        N/A       1%          2
C - Mephitic Cloud        Conj/Pois/Air  28%        N/A       6%          3
E - Irradiate             Conj/Tmut      23%        3d19      6%          5

Your spell library contained the following spells:

 Spells                   Type           Power      Damage    Failure   Level
 Blade Hands              Tmut           26%        N/A       2%          5
 Ignite Poison            Fire/Tmut/Pois 26%        N/A       8%          3
 Blink                    Tloc           16%        N/A       36%         2
 Sublimation of Blood     Necr           8%         N/A       36%         2
 Call Canine Familiar     Summ           8%         N/A       58%         3
 Gell's Gravitas          Tloc           8%         N/A       58%         3
 Lesser Beckoning         Tloc           8%         N/A       58%         3
 Portal Projectile        Hex/Tloc       16%        N/A       58%         3
 Teleport Other           Tloc           8%         N/A       58%         3
 Dragon Form              Tmut           26%        N/A       63%         7
 Freezing Cloud           Conj/Ice/Air   12%        6-21      65%         5
 Conjure Ball Lightning   Conj/Air       16%        3x3d6     87%         6
 Leda's Liquefaction      Hex/Erth       4%         N/A       94%         4
 Manifold Assault         Tloc           8%         N/A       100%        5
 Summon Hydra             Summ           4%         N/A       100%        7
 Discord                  Hex            4%         N/A       100%        8
 Disjunction              Tloc           4%         N/A       100%        8
 Chain Lightning          Conj/Air       16%        3d22      100%        9
 Fire Storm               Conj/Fire      12%        8d3       100%        9
 Shatter                  Erth           4%         3d7*      100%        9


Dungeon Overview and Level Annotations

Branches:
Dungeon (11/15) Zot: 25862  Temple (0/1) D:7            Lair (5/5) D:9 Zot: 22134
  Swamp (0/4) Lair:2       Spider (0/4) Lair:2        Slime (0/5) Lair:4
    Orc (2/2) D:11 Zot: 11227     Elf (0/3) Orc:2         Sewer (visited)
Volcano (visited)

Altars:
Dithmenos
Gozag
Hepliaklqana
Sif Muna
Xom
Lugonu

Shops:
D:4 *   D:6 (   D:8 *

Annotations:
D:7 2 transporters (dig, books)
D:10 exclusion: 2 obsidian statues
D:11 1 runed translucent door, 1 exclusion, KamiKatze's ghost, journeyman MiBe


Innate Abilities, Weirdness & Mutations

Your natural rate of healing is accelerated.
You have razor-sharp teeth.
You have supernaturally acute eyesight. (SInv)
You are afflicted with vampirism and can become a bat while bloodless.
You are frail. (-10% HP)


Message History

You puncture the orc priest!
You kill the orc priest!
Lugonu accepts your kill.
The orc is engulfed in noxious fumes.
The orc appears confused.
The orc warrior hits you with a +0 scimitar!
You hit the orc warrior.
The orc warrior looks as sick as possible!
The orc warrior is heavily wounded.
The orc is engulfed in noxious fumes.
The orc appears confused.
The orc warrior is engulfed in noxious fumes.
The orc warrior appears confused.
The orc warrior barely misses the orc.
You hit the orc warrior.
The orc warrior is poisoned.
The orc warrior is almost dead.
You kill the orc warrior!
Lugonu accepts your kill.
You catch the helpless orc warrior completely off-guard!
You impale the orc warrior!!
You kill the orc warrior!
Lugonu accepts your kill.
The orc is engulfed in noxious fumes.
The orc appears confused.
Casting: Mephitic Cloud (mildly dangerous; 6% risk of failure)
Confirm with . or Enter, or press ? or * to list all spells.
Aiming: Mephitic Cloud (mildly dangerous; 6% risk of failure)
Press: ? - help, Shift-Dir - straight line The ball explodes into a vile cloud!
The stinking cloud engulfs the orc but does no damage.
The stinking cloud engulfs the ettin but does no damage.
The stinking cloud engulfs the orc wizard but does no damage.
The orc is engulfed in noxious fumes.
The orc appears confused.
The orc warrior hits the ettin with a +0 trident!
The orc warrior hits itself with a +0 trident.
An orc comes into view. It is wielding a +0 whip.
The orc wizard is engulfed in noxious fumes.
The orc wizard appears confused.
The ettin is engulfed in noxious fumes.
The ettin appears confused.
The ettin hits the orc with a +0 dire flail!!!
The orc is killed!
Lugonu accepts your kill.
An orc comes into view. It is wielding a +0 hand axe.
The ettin is engulfed in noxious fumes.
The ettin appears confused.
The ettin ponders the situation.
Items here: ( ))) [[ †.
The orc warrior hits the ettin with a +0 trident!
An orc warrior comes into view. It is wielding a +0 hand axe.
The orc wizard is engulfed in noxious fumes.
The orc wizard appears confused.
You block the orc wizard's attack.
The ettin is engulfed in noxious fumes.
The ettin hits you with a +0 dire flail!!
The ettin hits you with a +0 dire flail!!!
You die...

#.............
#.....o....... .
#............#..
#...$.o.........
#...............
#......o.#......
#.......o...o...
#.....oC<.......
#....))@.....#..
#...)☼○).)......
##..)...).......
#...)..........
#...............
#............##O
##..........##
###.........#
##..#.##.#..


You could see an ettin (confused), 2 orc warriors, 2 orc wizards and 2 orcs.

Vanquished Creatures
  The ghost of knorpule3000 the Fighter, a journeyman DrFE of Gozag (Lair:5)
  An ettin (Orc:2)
  A fire dragon (Lair:5)
  A hydra (Lair:5)
  Erolcha (D:9)
  A catoblepas (Lair:3)
  An ogre mage (Orc:2)
  5 two-headed ogres
  6 death yaks (Lair:5)
  Urug (Lair:5)
  The ghost of cariele the Thrower, a journeyman SpBr (Lair:2)
  Sonja (Lair:4)
  A fire crab (Volcano)
  A deep troll (Orc:2)
  2 lindwurms
  3 cyclopes
  A manticore (D:11)
  8 black mambas
  25 elephants
  Joseph (Lair:1)
  A torpor snail (Lair:5)
  12 cane toads
  2 rime drakes
  2 molten gargoyles (Lair:5)
  17 komodo dragons
  A queen bee (Lair:1)
  7 polar bears
  9 trolls
  A hornet (D:8)
  4 dream sheep (Lair:5)
  28 blink frogs
  A vampire (D:11)
  3 shadows
  83 yaks
  3 wraiths
  6 wyverns
  4 fire bats
  6 basilisks
  4 steam dragons
  A warg (D:11)
  2 vampire mosquitoes
  2 acid dragons
  7 hell hounds
  14 water moccasins
  Pargi (Sewer)
  16 orc warriors
  8 black bears
  3 wolves (Lair:1)
  17 ogres
  2 centaurs
  3 kobold brigands
  18 bullfrogs
  A necrophage (D:6)
  2 gnoll sergeants
  3 scorpions
  3 wights (D:8)
  34 killer bees
  An electric eel (D:8)
  2 howler monkeys
  5 lava snakes (Lair:5)
  11 orc priests
  2 hounds
  6 gnoll boudas
  2 jellies (D:6)
  4 iguanas
  17 orc wizards
  25 gnolls
  9 adders
  3 river rats (D:6)
  3 white imps (D:7)
  3 worms
  2 dart slugs (D:1)
  62 orcs
  5 ball pythons
  5 endoplasms
  5 giant cockroaches
  13 goblins
  9 hobgoblins
  7 jackals (D:3)
  15 kobolds
  4 quokkas
  9 bats
  4 frilled lizards (D:3)
  5 rats
632 creatures vanquished.

Vanquished Creatures (others)
  A hydra (Lair:5)
  A black mamba (Lair:1)
  A molten gargoyle (Lair:5)
  A hell hound (Lair:5)
  A black bear (D:5)
  49 fungi
  54 plants
108 creatures vanquished.

Grand Total: 740 creatures vanquished

Notes
Turn   | Place    | Note
-------+----------+-------------------------------------------
     0 | Abyss:1  | Ge0ff the Vampire Abyssal Knight began the quest for the
                  | Orb.
     0 | Abyss:1  | Reached XP level 1. HP: 17/17 MP: 2/2
     1 | D:1      | Escaped the Abyss
    42 | D:1      | Reached skill level 1 in Stealth
   133 | D:1      | Reached XP level 2. HP: 23/23 MP: 3/3
   775 | D:1      | Found a faded altar of an unknown god.
   890 | D:2      | Gained mutation: You are afflicted with vampirism and can
                  | become a bat while bloodless. [Vampire growth]
   890 | D:2      | Reached XP level 3. HP: 16/28 MP: 4/4
  1046 | D:2      | Reached *** piety under Lugonu
  1099 | D:2      | Reached skill level 1 in Armour
  1903 | D:3      | Reached XP level 4. HP: 33/34 MP: 5/5
  2337 | D:3      | Reached skill level 5 in Short Blades
  2423 | D:4      | Found Gozag's Platinum Reserve.
  2498 | D:4      | Noticed a scorpion
  2514 | D:4      | Killed a scorpion
  2515 | D:4      | Reached XP level 5. HP: 35/41 MP: 6/6
  2683 | D:4      | Reached **** piety under Lugonu
  2755 | D:4      | Reached skill level 1 in Evocations
  2767 | D:4      | Noticed an ogre
  2779 | D:4      | Killed an ogre
  2780 | D:4      | Reached XP level 6. HP: 17/47 MP: 7/7
  3149 | D:4      | Found an opulent altar of Gozag.
  3432 | D:5      | Entered Level 5 of the Dungeon
  3620 | D:4      | Reached XP level 7. HP: 43/52 MP: 8/8
  3806 | D:5      | You fall into a shaft and drop 2 floors!
  3806 | D:7      | Found a staircase to the Ecumenical Temple.
  3973 | D:6      | Found a glowing drain.
  4008 | Sewer    | Entered a sewer
  4039 | Sewer    | Noticed Pargi
  4056 | Sewer    | Killed Pargi
  4238 | D:6      | Reached XP level 8. HP: 58/58 MP: 9/11
  4297 | D:6      | Noticed a hornet
  4298 | D:6      | Banished a hornet
  4380 | D:6      | Reached skill level 1 in Throwing
  4984 | D:5      | Found a shadowy altar of Dithmenos.
  5262 | D:6      | Reached ***** piety under Lugonu
  5266 | D:6      | Found Lilacregh's Weapon Shop.
  5578 | D:7      | Noticed Maggie
  5644 | D:7      | Found a transporter.
  5644 | D:7      | Noticed a brown ugly thing
  5645 | D:7      | Found a corrupted altar of Lugonu.
  5647 | D:7      | Noticed a red ugly thing
  5760 | D:7      | Reached skill level 5 in Invocations
  5760 | D:7      | Reached XP level 9. HP: 64/65 MP: 12/12
  5903 | D:7      | Found a transporter.
  5930 | D:7      | Noticed a cyan ugly thing
  6074 | D:7      | Reached skill level 10 in Short Blades
  6075 | D:7      | Noticed Maggie
  6075 | D:7      | Maggie changed into Maggie the fire bat
  6081 | D:7      | Killed Maggie the fire bat
  6137 | D:7      | Found a shimmering blue altar of Sif Muna.
  6610 | D:8      | Reached skill level 5 in Fighting
  6620 | D:8      | Learned a level 5 spell: Irradiate
  6860 | D:8      | Reached skill level 1 in Spellcasting
  6860 | D:8      | Reached skill level 1 in Transmutations
  6950 | D:8      | Reached skill level 1 in Conjurations
  7003 | D:8      | Found Yquxaes's Assorted Antiques.
  7023 | D:8      | Bought a scroll labelled FUONEEFROMM for 33 gold pieces
  7203 | D:8      | Reached skill level 2 in Transmutations
  7469 | D:8      | Found Yquxaes's Assorted Antiques.
  7728 | D:9      | Reached skill level 3 in Transmutations
  7732 | D:9      | Noticed a komodo dragon
  7754 | D:9      | Killed a komodo dragon
  7755 | D:9      | Reached XP level 10. HP: 33/74 MP: 12/14
  8000 | D:9      | Noticed a two-headed ogre
  8020 | D:9      | Killed a two-headed ogre
  8021 | D:9      | Reached skill level 4 in Transmutations
  8156 | D:9      | Noticed Erolcha
  8173 | D:9      | Killed Erolcha
  8260 | D:9      | Reached skill level 5 in Transmutations
  8389 | D:9      | Noticed a guardian serpent
  8391 | D:9      | Noticed a death drake
  8391 | D:9      | a guardian serpent changed into a death drake
  8393 | D:9      | Noticed a black mamba
  8393 | D:9      | a basilisk changed into a black mamba
  8396 | D:9      | a black mamba changed into a jumping spider
  8399 | D:9      | Found a hazy altar of Hepliaklqana.
  8399 | D:9      | Noticed a cyclops
  8401 | D:9      | Killed a cyclops
  8610 | D:9      | Noticed a shining eye
  8646 | D:9      | Noticed a fire dragon
  8663 | D:9      | Banished a fire dragon
  8664 | D:9      | Reached skill level 5 in Spellcasting
  8664 | D:9      | Reached skill level 6 in Transmutations
  8714 | D:9      | Identified the +5 scimitar of the Coward {vamp, rElec rPois
                  | rF- Stlth+}
  8868 | D:9      | Reached XP level 11. HP: 52/81 MP: 18/18
  8967 | D:9      | Found a staircase to the Lair.
  9168 | D:10     | Entered Level 10 of the Dungeon
  9409 | D:10     | Reached skill level 1 in Shields
  9588 | D:10     | Noticed an obsidian statue
  9588 | D:10     | Noticed an obsidian statue
 10129 | D:11     | Found a staircase to the Orcish Mines.
 10214 | D:11     | Found a runed translucent door.
 10214 | D:11     | Found a shimmering altar of Xom.
 10214 | D:11     | Noticed KamiKatze's ghost (journeyman MiBe)
 10215 | D:11     | Noticed a +0 mace of chaos
 10265 | D:11     | Reached skill level 7 in Transmutations
 10333 | D:11     | Noticed a two-headed ogre
 10350 | D:11     | Reached skill level 5 in Conjurations
 10401 | D:11     | Banished a two-headed ogre
 10847 | D:11     | Noticed a two-headed ogre
 10850 | D:11     | Banished a two-headed ogre
 11126 | Lair:1   | Entered Level 1 of the Lair of Beasts
 11126 | Lair:1   | Noticed Joseph
 11139 | Lair:1   | Killed Joseph
 11147 | Lair:1   | Reached skill level 8 in Transmutations
 11277 | Lair:1   | Reached XP level 12. HP: 84/91 MP: 22/22
 11300 | Lair:1   | Reached ****** piety under Lugonu
 11522 | Lair:1   | Reached skill level 9 in Transmutations
 11551 | Lair:1   | Found a dark tunnel.
 11579 | Volcano  | Entered a volcano
 12163 | Lair:1   | Reached skill level 10 in Transmutations
 12996 | Lair:1   | Learned a level 2 spell: Wereblood
 13162 | Lair:2   | Reached XP level 13. HP: 78/96 MP: 15/23
 13252 | Lair:2   | Found a hole to the Spider Nest.
 13543 | Lair:2   | Reached skill level 5 in Shields
 13612 | Lair:2   | Found a staircase to the Swamp.
 13816 | Lair:2   | Reached skill level 11 in Transmutations
 13966 | Lair:2   | Learned a level 3 spell: Mephitic Cloud
 14164 | Lair:2   | Found a runed translucent door.
 14165 | Lair:2   | Noticed cariele's ghost (journeyman SpBr)
 14415 | Lair:2   | Killed cariele's ghost
 14637 | Lair:3   | Gained mutation: You are frail. (-10% HP) [mutagenic glow]
 14649 | Lair:3   | Lost mutation: You are frail. (-10% HP) [potion of
                  | mutation]
 14649 | Lair:3   | Gained mutation: You are clumsy. (Dex -2) [potion of
                  | mutation]
 14649 | Lair:3   | Gained mutation: Potions are less effective at restoring
                  | your health. [potion of mutation]
 14650 | Lair:3   | Lost mutation: You are clumsy. (Dex -2) [potion of
                  | mutation]
 14650 | Lair:3   | Lost mutation: Potions are less effective at restoring your
                  | health. [potion of mutation]
 14650 | Lair:3   | Gained mutation: You are frail. (-10% HP) [potion of
                  | mutation]
 15472 | Lair:3   | Reached skill level 12 in Transmutations
 16314 | Lair:4   | Reached skill level 1 in Air Magic
 16336 | Lair:4   | Noticed Sonja
 16348 | Lair:4   | Killed Sonja
 16349 | Lair:4   | Reached skill level 1 in Poison Magic
 17272 | Lair:4   | Found a staircase to the Slime Pits.
 17399 | Lair:5   | Entered Level 5 of the Lair of Beasts
 17433 | Lair:5   | Reached XP level 14. HP: 90/92 MP: 11/26
 17981 | Lair:5   | Noticed Urug
 17994 | Lair:5   | Killed Urug
 18014 | Lair:5   | Reached skill level 5 in Armour
 18249 | Lair:5   | Found a runed translucent door.
 18254 | Lair:5   | Noticed knorpule3000's ghost (journeyman DrFE)
 18307 | Lair:5   | Killed knorpule3000's ghost
 18426 | Lair:5   | Identified the +8 falchion of the Scorned {antimagic, rPois
                  | rN+}
 19103 | Lair:5   | Found a large runed translucent door.
 19113 | Lair:5   | Found a large runed translucent door.
 19126 | Lair:5   | Reached skill level 13 in Transmutations
 20010 | Orc:1    | Entered Level 1 of the Orcish Mines
 20340 | Orc:2    | Entered Level 2 of the Orcish Mines
 20340 | Orc:2    | Found a staircase to the Elven Halls.
 20368 | Orc:2    | Reached skill level 5 in Air Magic
 20436 | Orc:2    | Reached XP level 15. HP: 97/97 MP: 5/28
 20931 | Orc:2    | Mangled by an ettin

Illustrated notes

Levels and vault maps discovered:
D:1:      ncdulo_lavacross, layout_basic, ebering_ecumenical_altar_mist
D:2:      layout_basic
D:3:      kennysheep_goblin_castle, layout_rooms
D:4:      layout_basic, nicolae_gozag_zags_fifth_avenue
D:5:      layout_loops_ring, kennysheep_mini, bh_walls_and_bars
D:6:      layout_basic, lightli_sewer_entry_pipes, serial_shops, shop_statue,
          minmay_misc_feat_iff, dreamdust_mushroom_princess
D:7:      gammafunk_corrupted_shrine, layout_basic,
          nicolae_sif_muna_little_library, minmay_temple_entry_slanted,
          grunt_ministairs_14, uniq_maggie
D:8:      layout_rooms, serial_shops, nicolae_shop_window_shopping,
          minmay_crystal_water, st_stairs_6, serial_bayou_pond_a
D:9:      nzn_winding_woodlands_medium [nzn_winding_woodlands_5x5_cross,
          nzn_winding_woodlands_5x15_garden,
          nzn_winding_woodlands_5x5_closed_star,
          nzn_winding_woodlands_5x5_default,
          nzn_winding_woodlands_center_diamonds,
          nzn_winding_woodlands_hourglass, nzn_winding_woodlands_5x5_three,
          nzn_winding_woodlands_5x15_lazy_stream,
          nzn_winding_woodlands_5x5_perimeter], layout_irregular_city,
          nicolae_hepliaklqana_hazy_memory, lair_entry_dummy, uniq_erolcha
D:10:     layout_long_grid, david_greed
D:11:     layout_loops_ring, david_orc_3, ebering_ghost_xom
Lair:1:   layout_roguey [special_room_bee], nicolae_volcano_entry_two_sided,
          grunt_megastairs_2, lemuel_fruit_tree, uniq_joseph
Lair:2:   beast_lair_carwin_large_3, layout_gridlike, swamp_mist,
          spider_nest_entry_web_field, gammafunk_ghost_grave
Lair:3:   layout_regular_city, st_stairs_4, cheibrodos_lair_reptile_den,
          grunt_megastairs_3
Lair:4:   layout_concentric_octagons, dpeg_slime_entry_corner, uniq_sonja
Lair:5:   cheibrodos_lair_end_hotspot, layout_regular_city,
          ebering_ghost_reflecting_pool, uniq_urug
Orc:1:    layout_caves, minmay_orc_keep
Orc:2:    st_orc_open, layout_caves

Skill      XL: |  1  2  3  4  5  6  7  8  9 10 11 12 13 14 |
---------------+-------------------------------------------+-----
Stealth        | 2 |  2.0
Short Blades   | 3 4 5 6 8 9 10 11 12 | 12.9
Armour         | 1 2 3 4 5 |  5.0
Fighting       | 3 4 5 6 7 |  7.0
Invocations    | 2 4 5 |  5.0
Evocations     | 1 3 4 |  4.0
Throwing       | 1 |  1.0
Dodging        | 3 4 |  4.0
Spellcasting   | 2 5 6 7 8 9 |  9.6
Transmutations | 3 6 8 10 12 13 | 13.3
Conjurations   | 2 4 5 7 8 9 |  9.8
Shields        | 3 4 5 |  5.0
Air Magic      | 1 5 |  5.0
Poison Magic   | 1 3 |  3.0

Action                   |  1- 3 |  4- 6 |  7- 9 | 10-12 | 13-15 || total
-------------------------+-------+-------+-------+-------+-------++-------
Melee: Short sword       |    80 |       |    81 |    66 |       ||   227
       Bite              |    11 |    14 |    84 |   191 |   182 ||   482
       Punch             |     1 |       |     2 |     2 |       ||     5
       Dagger            |    57 |   114 |   401 |  1018 |   834 ||  2424
       Rapier            |       |       |       |       |    55 ||    55
       Scimitar          |       |       |       |       |     8 ||     8
Throw: Stone             |     3 |     9 |    24 |    11 |       ||    47
       Dart              |       |       |     2 |     8 |     1 ||    11
       Boomerang         |       |       |       |     3 |    22 ||    25
 Cast: Irradiate         |       |       |       |     8 |    98 ||   106
       Wereblood         |       |       |       |     2 |     2 ||     4
       Mephitic Cloud    |       |       |       |       |    31 ||    31
Invok: Banish            |       |       |     1 |     4 |     5 ||    10
       Bend Space        |       |       |       |     5 |       ||     5
Evoke: Wand              |       |     3 |     3 |    17 |     8 ||    31
       Phial of floods   |       |       |       |       |     1 ||     1
  Use: Scroll            |     5 |     5 |    17 |    11 |     8 ||    46
       Potion            |       |       |     2 |     1 |     5 ||     8
 Stab: Sleeping          |     4 |     2 |     6 |    10 |     3 ||    25
       Confused          |       |       |       |       |    27 ||    27
       Petrified         |       |       |       |       |     3 ||     3
       Distracted        |       |       |       |       |     1 ||     1
Armor: Leather armour    |    26 |    30 |    32 |       |       ||    88
       Swamp dragon scal |       |       |    23 |   141 |   240 ||   404
       Ring mail         |       |       |       |     9 |       ||     9
Dodge: Dodged            |    52 |    71 |   222 |   368 |   396 ||  1109
Block: Buckler           |       |       |       |   150 |   241 ||   391
